 Dungeon Crawl Stone Soup version 0.32-a0-314-g526f7d4993 (webtiles) character file.

Game seed: 15932770612511358960

10 shadowhawk the Sneak (level 2, -1/22 HPs)
             Began as a Vampire Brigand on Feb 15, 2024.
             Frozen to death by an endoplasm (3 damage)
             ... on level 1 of the Dungeon.
             The game lasted 00:01:02 (162 turns).

shadowhawk the Sneak (Vampire Brigand)               Turns: 162, Time: 00:01:03

Health: -1/22      AC:  6    Str: 10    XL:     2   Next: 10%
Magic:  2/2        EV: 10    Int: 13    God:
Gold:   0          SH:  0    Dex: 15    Spells: 1/1 levels left

rFire   . . .        a - +2 dagger
rCold   . . .        (no shield)
rNeg    . . .        i - +0 ring mail
rPois   .            (no helmet)
rElec   .            c - +0 cloak
rCorr   .            (no gloves)
SInv    +            (no boots)
Will    .....        (no amulet)
Stlth   +++          (no ring)
HPRegen 0.43/turn    (no ring)
MPRegen 0.08/turn

%: no passive effects
@: healing quickly
A: alive, fangs 3, see invisible, vampiric 1
a: Exsanguinate


You were on level 1 of the Dungeon.
You visited 1 branch of the dungeon, and saw 1 of its levels.

Inventory:

Hand Weapons
 a - a +2 dagger (weapon)
Missiles
 d - 9 poisoned darts (quivered)
 e - 3 curare-tipped darts
Armour
 b - a +0 robe
 c - a +0 cloak (worn)
 i - a +0 ring mail (worn)
Potions
 h - a potion of magic


   Skills:
 + Level 1.7 Fighting
 + Level 2.2 Short Blades
 + Level 1.7 Throwing
 + Level 1.3 Dodging
 + Level 6.4 Stealth


You had one spell level left.
You didn't know any spells.
Your spell library was empty.

Dungeon Overview and Level Annotations

Branches:
Dungeon (1/15)

Altars:

Shops:
D:1 *


Innate Abilities, Weirdness & Mutations

Your natural rate of healing is accelerated.
You have razor-sharp teeth.
You have supernaturally acute eyesight. (SInv)
You are afflicted with vampirism.


Message History

You bite the ball python, but do no damage.
The ball python is severely wounded.
The endoplasm misses you.
The ball python bites you but does no damage.
The ball python grabs you. The ball python constricts you.
You hit the ball python.
You kill the ball python!
The endoplasm freezes you.
You are frozen.
The endoplasm freezes you.
You are frozen.
* * * LOW HITPOINT WARNING * * *
You see here a ball python corpse.
Found a scale mail.
The endoplasm freezes you.
You are frozen.
* * * LOW HITPOINT WARNING * * *
A hobgoblin comes into view.
A goblin comes into view. It is wielding a +0 dagger.
The hobgoblin shouts!
The endoplasm closely misses you.
The goblin moves out of view.
There are monsters nearby!
There are monsters nearby!
The endoplasm barely misses you.
A goblin comes into view. It is wielding a +0 club.
Found a scroll labelled LITWOEWNIC.
The endoplasm attacks as it pursues you!
The endoplasm barely misses you.
Found a stone staircase leading down.
The hobgoblin attacks as it pursues you!
The hobgoblin barely misses you.
The hobgoblin attacks as it pursues you!
The hobgoblin closely misses you.
The goblin shouts!
The goblin hits you with a +0 club.
* * * LOW HITPOINT WARNING * * *
You closely miss the goblin. The goblin hits you but does no damage.
The endoplasm freezes you.
You are frozen.
You die...

...... .>
...###............
#.#...#.............. .
..#.##...[#......... ..
...##....#.........
...####.##....#.........
...................∩....
........g...............
......g@J.......#.......
......#......#..........
##... #......#.......!..
#.. #......#..†.......
#. ....#.............. #
...............##...
................##...
.....?.>.............
.#........##...


You could see an endoplasm, a hobgoblin and a goblin.

Vanquished Creatures
  2 endoplasms (D:1)
  A hobgoblin (D:1)
  A ball python (D:1)
  2 rats (D:1)
6 creatures vanquished.

Notes
Turn   | Place    | Note
-------+----------+-------------------------------------------
     0 | D:1      | shadowhawk the Vampire Brigand began the quest for the Orb.
     0 | D:1      | Reached XP level 1. HP: 16/16 MP: 1/1
    31 | D:1      | Reached skill level 6 in Stealth
   139 | D:1      | Found Wod Horgh's General Store.
   145 | D:1      | Reached XP level 2. HP: 12/22 MP: 2/2
   150 | D:1      | HP: 1/22 [frozen (5)]
   162 | D:1      | Frozen to death by an endoplasm

Illustrated notes

Levels and vault maps discovered:
D:1:      wander_arrival_chamber, layout_basic, serial_shops,
          nicolae_shop_crystal, nicolae_shop_peninsula, shop,
          nrook_loot_triangle

Skill      XL: |  1 |
---------------+----+-----
Stealth        | 6 |  6.4
Fighting       | |  1.7
Short Blades   | |  2.2
Throwing       | |  1.7
Dodging        | |  1.3

Action                     || total
---------------------------++-------
  Melee: Dagger            ||    17
         Bite              ||     1
    Use: Scroll            ||     2
   Stab: Sleeping          ||     1
 Armour: Robe              ||     6
         Ring mail         ||     7
  Dodge: Dodged            ||    14

Table legend: (Time is in decaauts)
 A = Elapsed time spent in this place.
 B = Non-inter-level travel time spent in this place.
 C = Inter-level travel time spent in this place.
 D = Time resting spent in this place.
 E = Time spent auto-exploring this place.
 F = Levels seen in this place.
 G = Mean time per level.
                   A        B        C        D        E       F      G
               +--------+--------+--------+--------+--------+-----+--------+
         Total |    160 |    160 |      0 |      0 |     63 |   1 |  160.0 |
       Dungeon |    160 |    160 |      0 |      0 |     63 |   1 |  160.0 |
               +--------+--------+--------+--------+--------+-----+--------+

Top non-repeatable levels by time:
     D:1: 160 daAuts
